 Dungeon Crawl Stone Soup version 0.32-a0-7-ge934b4519a (webtiles) character file.

Game seed: 14723770432847281731

14 experimilk the Ruffian (level 2, -1/27 HPs)
             Began as a Troll Gladiator on Jan 14, 2024.
             Slain by a hobgoblin (5 damage)
             ... led by Robin
             ... on level 1 of the Dungeon.
             The game lasted 00:01:29 (890 turns).

experimilk the Ruffian (Troll Gladiator)             Turns: 890, Time: 00:01:29

Health: -1/27      AC:  4    Str: 21    XL:     2   Next: 27%
Magic:  1/1        EV: 10    Int:  4    God:
Gold:   6          SH:  0    Dex: 11    Spells: 1/1 levels left

rFire   . .          .
                       - Unarmed
rCold   . . .        (no shield)
rNeg    . . .        e - +0 robe
rPois   .            b - +0 hat
rElec   .            (no cloak)
rCorr   .            (gloves unavailable)
SInv    .            (boots unavailable)
Will    .....        (no amulet)
Stlth   +            (no ring)
HPRegen 1.04/turn    (no ring)
MPRegen 0.07/turn

%: no passive effects
@: no status effects
A: large, unfitting armour, claws 3, regeneration 1, shaggy fur 1, tough skin 1
a: no special abilities


You were on level 1 of the Dungeon.
You visited 1 branch of the dungeon, and saw 2 of its levels.

You collected 6 gold pieces.

Inventory:

Missiles
 a - 4 poisoned darts (quivered)
 c - 3 throwing nets
 s - 4 atropa-tipped darts
 z - a large rock
Armour
 b - a +0 hat (worn)
 e - a +0 robe (worn)
Scrolls
 d - a scroll of vulnerability {unknown}
 i - a scroll of immolation {unknown}
 j - 3 scrolls of identify {unknown}
Potions
 f - a potion of ambrosia {unknown}
 h - a potion of cancellation {unknown}


   Skills:
 - Level 1.5 Fighting
 - Level 1.7 Throwing
 - Level 2.4 Dodging
 * Level 3.7 Unarmed Combat


You had one spell level left.
You didn't know any spells.
Your spell library was empty.

Dungeon Overview and Level Annotations

Branches:
Dungeon (2/15)

Altars:

Annotations:
D:1 Robin


Innate Abilities, Weirdness & Mutations

You are too large for most types of armour.
You have claws for hands.
Your natural rate of healing is unusually fast.
You are covered in fur. (AC +1)
You have tough skin. (AC +1)


Message History

You kill the frilled lizard!
You see here a frilled lizard corpse.
There is a stone staircase leading down here.
There is a stone staircase leading down here.
You climb downwards.
Robin shouts!
The goblin shouts!
The hobgoblin shouts!
The goblin shouts!
The hobgoblin shouts!
The goblin shouts! x2; The hobgoblin shouts!
The goblin shouts!
You hear a shout!
The ball python hisses angrily.
The goblin shouts! x2
The endoplasm quivers.
Robin throws the goblin at you! The goblin closely misses you.
A goblin comes into view. It is wielding a +0 club.
Found a stone staircase leading down.
There is a stone staircase leading up here.
HP restored.
The goblin hits you but does no damage. x2
The goblin closely misses you. The goblin hits you with a +0 club.
The hobgoblin hits you.
You climb upwards.
There is a stone staircase leading down here.
Unknown command.
You closely miss the goblin. The goblin hits you with a +0 club. x3
The goblin hits you but does no damage.
Robin roars a battlecry!
The goblins go into a battle-frenzy!
The hobgoblin hits you.
You closely miss the goblin. The goblin closely misses you.
The goblin barely misses you. The goblin hits you with a +0 club.
* * * LOW HITPOINT WARNING * * *
The goblin hits you with a +0 club.
* * * LOW HITPOINT WARNING * * *
The hobgoblin barely misses you.
You closely miss the goblin. The goblin barely misses you.
The goblin hits you but does no damage. The goblin hits you with a +0 club.
* * * LOW HITPOINT WARNING * * *
The goblin hits you but does no damage. Robin hits you but does no damage.
The hobgoblin barely misses you.
You claw the goblin!
You kill the goblin!
Robin closely misses you. The hobgoblin hits you.
You die...

#.........##### ###..(
#.........#...# #.#...
#.........#...# #.##..
#.........#...# #.##..
#.........#...####.....
#..................##..
#...................+..
#....ggg....#.##..###..
#....g@g...............
######)###.##.########.
###### #.# #....#........
#....####'########.#######
#................#.#......
#..............#...#.####.
#..............###.#.#....
#..............# #.#.#.###
#..............# #.#.#.#..


You could see Robin, a hobgoblin (strong) and 3 goblins.

Vanquished Creatures
  A dart slug (D:1)
  A bat (D:1)
  A hobgoblin (D:2)
  2 kobolds (D:1)
  3 frilled lizards (D:1)
  3 goblins (D:1)
  3 rats (D:1)
14 creatures vanquished.

Notes
Turn   | Place    | Note
-------+----------+-------------------------------------------
     0 | D:1      | experimilk the Troll Gladiator began the quest for the Orb.
     0 | D:1      | Reached XP level 1. HP: 19/19 MP: 0/0
   297 | D:1      | Reached XP level 2. HP: 27/27 MP: 1/1
   808 | D:2      | Noticed a bombardier beetle
   884 | D:2      | Noticed Robin
   890 | D:1      | Slain by a hobgoblin

Illustrated notes

Levels and vault maps discovered:
D:1:      matt_arrival_refuge, layout_basic, serial_bayou,
          serial_bayou_crossing, serial_bayou_lagoon_a, serial_bayou_pond_e,
          serial_bayou_pond_c, serial_bayou_shore_b, serial_bayou_pond_d,
          nrook_mini_backslash
D:2:      layout_rooms, uniq_robin

Action                     || total
---------------------------++-------
  Melee: Unarmed           ||    32
  Throw: Dart              ||     3
 Armour: Robe              ||    32
  Dodge: Dodged            ||    22

Table legend: (Time is in decaauts)
 A = Elapsed time spent in this place.
 B = Non-inter-level travel time spent in this place.
 C = Inter-level travel time spent in this place.
 D = Time resting spent in this place.
 E = Time spent auto-exploring this place.
 F = Levels seen in this place.
 G = Mean time per level.
                   A        B        C        D        E       F      G
               +--------+--------+--------+--------+--------+-----+--------+
         Total |    888 |    786 |    102 |      0 |    695 |   2 |  444.0 |
       Dungeon |    888 |    786 |    102 |      0 |    695 |   2 |  444.0 |
               +--------+--------+--------+--------+--------+-----+--------+

Top non-repeatable levels by time:
     D:1: 881 daAuts
     D:2: 7 daAuts
